 Dungeon Crawl Stone Soup version 0.24.1-14-gf8d2b509d9 (console) character file.

Game seed: 16795193318915120831, levelgen mode: deterministic

1615915 Kagalorn the Bringer of Life (level 27, 242/242 HPs)
             Began as a Gnoll Wanderer on Aug 1, 2022.
             Was the Champion of Elyvilon.
             Escaped with the Orb
             ... and 3 runes on Aug 3, 2022!
             The game lasted 04:34:47 (83747 turns).

Kagalorn the Bringer of Life (Gnoll Wanderer)      Turns: 83747, Time: 04:34:47

Health: 242/242    AC: 45    Str: 26    XL:     27
Magic:  45/45      EV: 18    Int: 21    God:    Elyvilon [******]
Gold:   5995       SH: 30    Dex: 23    Spells: 22/63 levels left

rFire    + . .     SeeInvis .   a - +9 broad axe (chop)
rCold    + . .     Gourm    .   L - +4 large shield of the Endless Hells {+Inv MR+ Str-3}
rNeg     . . .     Faith    .   K - +9 gold dragon scales
rPois    +         Spirit   .   (no helmet)
rElec    +         Reflect  +   p - +3 cloak of Duck's Teeth {rElec Str+2}
rCorr    +         Harm     .   q - +5 pair of gloves of Midwinter {rElec rPois Int+6 Dex-2}
MR       ++++.                  F - +0 pair of boots "Houhang" {rCorr Slay+5}
Stlth    +.........             O - +2 amulet of reflection
HPRegen  0.90/turn              M - ring of wizardry
MPRegen  0.29/turn              o - ring "Soodi" {*Contam rPois MR+ Dex+8 Stlth+}

@: no status effects
A: distributed training, claws 1, fangs 1, blurry vision 1, clever 1,
regeneration 1, robust 1, strong nose
0: Orb of Zot
}: 3/15 runes: decaying, silver, gossamer
a: Lesser Healing, Heal Other, Purification, Greater Healing, Divine Vigour,
Divine Protection, Renounce Religion, Evoke Invisibility


You escaped.
You worshipped Elyvilon.
Elyvilon was exalted by your worship.
You were not hungry.

You visited 10 branches of the dungeon, and saw 50 of its levels.
You visited the Abyss 1 time.
You also visited: Sewer, Bailey, Gauntlet, Ice Cave and Desolation.

You collected 7598 gold pieces.
You spent 1603 gold pieces at shops.

Inventory:

Hand Weapons
 a - a +9 broad axe of chopping (weapon)
 b - a +5 trishula of holy wrath
Missiles
 s - 5 silver javelins (quivered)
 G - 22 javelins
Armour
 h - the +0 cloak of Afuradd {rC++ Str-4 Dex+4}
   (You found it on level 2 of the Elven Halls)

   It affects your strength (-4).
   It affects your dexterity (+4).
   It greatly protects you from cold.
 p - the +3 cloak of Duck's Teeth (worn) {rElec Str+2}
   (You found it in a Gauntlet)

   It affects your strength (+2).
   It insulates you from electricity.
 q - the +5 pair of gloves of Midwinter (worn) {rElec rPois Int+6 Dex-2}
   (You found it in an ice cave)

   It affects your intelligence (+6).
   It affects your dexterity (-2).
   It insulates you from electricity.
   It protects you from poison.
 F - the +0 pair of boots "Houhang" (worn) {rCorr Slay+5}
   (You acquired it on level 5 of the Vaults)

   It affects your accuracy and damage with ranged weapons and melee attacks
   (+5).
   It provides partial protection from all sources of acid and corrosion.
 J - the +0 helmet of Teckeygru {rN+ Regen+ Dex+4}
   (You found it on level 5 of the Vaults)

   It affects your dexterity (+4).
   It protects you from negative energy.
   It increases your rate of regeneration.
 K - +9 gold dragon scales (worn)
 L - the +4 large shield of the Endless Hells (worn) {+Inv MR+ Str-3}
   (You took it off Mennas on level 2 of the Vaults)

   It affects your strength (-3).
   It affects your resistance to hostile enchantments.
   It lets you turn invisible.
Jewellery
 o - the ring "Soodi" (right hand) {*Contam rPois MR+ Dex+8 Stlth+}
   (You found it in a Gauntlet)

   [ring of stealth]

   It affects your dexterity (+8).
   It protects you from poison.
   It affects your resistance to hostile enchantments.
   It causes magical contamination when unequipped.
   It makes you more stealthy.
 B - an uncursed ring of see invisible
 C - the ring of Light {MR+ Dex+5 Stlth+}
   (You took it off an ironheart preserver on level 5 of the Vaults)

   [ring of dexterity]

   It affects your dexterity (+5).
   It affects your resistance to hostile enchantments.
   It makes you more stealthy.
 E - the ring of Hirani Comuph {Ice rElec rPois Int+6 Dex-2}
   (You found it on level 3 of the Depths)

   [ring of ice]

   It enhances your ice magic.
   It affects your intelligence (+6).
   It affects your dexterity (-2).
   It makes you vulnerable to fire.
   It protects you from cold.
   It insulates you from electricity.
   It protects you from poison.
 I - an uncursed ring of protection from cold
 M - a ring of wizardry (left hand)
 O - a +2 amulet of reflection (around neck)
 R - a +4 ring of evasion
Wands
 l - a wand of paralysis (19)
 N - a wand of iceblast (26)
 U - a wand of acid (21)
 Z - a wand of digging (10)
Scrolls
 c - a scroll of magic mapping
 d - 32 scrolls of remove curse
 e - 15 scrolls of fear
 i - 11 scrolls of fog
 k - 2 scrolls of enchant weapon
 m - 13 scrolls of amnesia
 w - 4 scrolls of teleportation
 y - 4 scrolls of blinking
 D - 7 scrolls of summoning
 W - 7 scrolls of identify
 X - 3 scrolls of brand weapon
Potions
 g - 14 potions of curing
 j - 9 potions of cancellation
 n - 5 potions of berserk rage
 r - 6 potions of ambrosia
 t - 9 potions of flight
 u - 3 potions of mutation
 v - 7 potions of might
 x - 5 potions of invisibility
 z - 20 potions of heal wounds
 A - 8 potions of magic
 H - 9 potions of lignification
 Q - 8 potions of brilliance
 S - 3 potions of resistance
 T - 3 potions of haste
 Y - 7 potions of agility
Miscellaneous
 P - 3 boxes of beasts
 V - 4 sacks of spiders
Comestibles
 f - 33 rations


   Skills:
 + Level 18.8 Fighting
 + Level 18.8 Short Blades
 + Level 19.0 Long Blades
 + Level 19.0 Axes
 + Level 18.8 Maces & Flails
 + Level 18.8 Polearms
 + Level 18.8 Staves
 + Level 18.8 Slings
 + Level 18.8 Bows
 + Level 18.8 Crossbows
 + Level 18.8 Throwing
 + Level 20.0 Armour
 + Level 19.2 Dodging
 + Level 19.1 Stealth
 + Level 18.8 Shields
 + Level 18.8 Unarmed Combat
 + Level 18.8 Spellcasting
 + Level 16.2 Conjurations
 + Level 16.2 Hexes
 + Level 16.2 Charms
 + Level 16.2 Summonings
 + Level 16.2 Necromancy
 + Level 16.2 Translocations
 + Level 16.2 Transmutations
 + Level 16.2 Fire Magic
 + Level 16.2 Ice Magic
 + Level 16.2 Air Magic
 + Level 16.2 Earth Magic
 + Level 16.2 Poison Magic
 + Level 20.2 Invocations
 + Level 18.8 Evocations


You had 22 spell levels left.
You knew the following spells:

 Your Spells              Type           Power        Failure   Level  Hunger
a - Apportation           Tloc           ######       1%          1    None
b - Spectral Weapon       Hex/Chrm       ######..     1%          3    None
c - Summon Lightning Spi  Summ/Air       ######..     1%          4    None
d - Petrify               Tmut/Erth      ######..     1%          4    None
e - Ignition              Fire           ######....   92%         8    #######
g - Passwall              Tmut/Erth      ######..     1%          2    None
h - Blink                 Tloc           N/A          1%          2    None
i - Statue Form           Tmut/Erth      ######...    6%          6    ####...
j - Deflect Missiles      Chrm/Air       ######....   6%          6    ####...
k - Silence               Hex/Air        ######....   1%          5    #......

Your spell library contained the following spells:

 Spells                   Type           Power        Failure   Level  Hunger
 Beastly Appendage        Tmut           ######       1%          1    None
 Corona                   Hex            ######.      1%          1    None
 Infusion                 Chrm           ####         1%          1    None
 Magic Dart               Conj           ####         1%          1    None
 Sandblast                Erth           ######       1%          1    None
 Shock                    Conj/Air       ####         1%          1    None
 Summon Butterflies       Summ           ######..     1%          1    None
 Summon Small Mammal      Summ           ####         1%          1    None
 Call Imp                 Summ           ######..     1%          2    None
 Ensorcelled Hibernation  Hex/Ice        ######       1%          2    None
 Searing Ray              Conj           ######       1%          2    None
 Shroud of Golubria       Chrm/Tloc      ######       1%          2    None
 Slow                     Hex            ######..     1%          2    None
 Song of Slaying          Chrm           ######..     1%          2    None
 Sticks to Snakes         Tmut           ######..     1%          2    None
 Sublimation of Blood     Necr           ######....   1%          2    None
 Swiftness                Chrm/Air       ######..     1%          2    None
 Call Canine Familiar     Summ           ######..     1%          3    None
 Confuse                  Hex            ######..     1%          3    None
 Conjure Flame            Conj/Fire      ######..     1%          3    None
 Dazzling Spray           Conj/Hex       ######       1%          3    None
 Ignite Poison            Fire/Tmut/Pois ######..     1%          3    None
 Inner Flame              Hex/Fire       ######..     1%          3    None
 Lesser Beckoning         Tloc           ######....   1%          3    None
 Mephitic Cloud           Conj/Pois/Air  ######..     1%          3    None
 Ozocubu's Armour         Chrm/Ice       ######..     1%          3    None
 Recall                   Summ/Tloc      N/A          1%          3    None
 Regeneration             Chrm/Necr      ######....   1%          3    None
 Spider Form              Tmut/Pois      ######....   1%          3    None
 Static Discharge         Conj/Air       ######..     1%          3    None
 Stone Arrow              Conj/Erth      ######       1%          3    None
 Tukima's Dance           Hex            ######..     1%          3    None
 Animate Dead             Necr           N/A          1%          4    None
 Force Lance              Conj/Tloc      ######..     1%          4    None
 Fulminant Prism          Conj/Hex       ######....   1%          4    None
 Ice Form                 Ice/Tmut       ######..     1%          4    None
 Iskenderun's Mystic Bla  Conj           ######..     1%          4    None
 Leda's Liquefaction      Hex/Erth       ######....   1%          4    None
 Summon Ice Beast         Ice/Summ       ######..     1%          4    None
 Alistair's Intoxication  Tmut/Pois      ######..     1%          5    #......
 Bolt of Magma            Conj/Fire/Erth ######....   1%          5    #......
 Borgnjor's Vile Clutch   Necr/Erth      ######....   1%          5    #......
 Fireball                 Conj/Fire      ######....   1%          5    #......
 Irradiate                Conj/Tmut      ######....   1%          5    #......
 Iskenderun's Battlesphe  Conj/Chrm      ######..     1%          5    #......
 Lee's Rapid Deconstruct  Erth           ######....   1%          5    #......
 Lightning Bolt           Conj/Air       ######....   1%          5    #......
 Metabolic Englaciation   Hex/Ice        ######....   1%          5    #......
 Summon Mana Viper        Hex/Summ       ######..     1%          5    #......
 Yara's Violent Unravell  Hex/Tmut       ######....   1%          5    #......
 Bolt of Cold             Conj/Ice       ######....   6%          6    ####...
 Bolt of Fire             Conj/Fire      ######....   6%          6    ####...
 Darkness                 Hex            ######....   6%          6    ####...
 Death Channel            Necr           ######....   6%          6    ####...
 Freezing Cloud           Conj/Ice/Air   ######....   6%          6    ####...
 Hydra Form               Tmut           ######....   6%          6    ####...
 Invisibility             Hex            ######..     6%          6    ####...
 Iron Shot                Conj/Erth      ######....   6%          6    ####...
 Ozocubu's Refrigeration  Ice            ######....   6%          6    ####...
 Shadow Creatures         Summ           N/A          6%          6    ####...
 Simulacrum               Ice/Necr       ######....   6%          6    ####...
 Dragon Form              Tmut           ######....   32%         7    ######.
 Haunt                    Necr/Summ      ######....   32%         7    ######.
 Ring of Flames           Chrm/Fire      ######....   32%         7    ######.
 Summon Hydra             Summ           ######....   32%         7    ######.
 Borgnjor's Revivificati  Necr           ######....   92%         8    #######
 Death's Door             Chrm/Necr      ######....   92%         8    #######
 Infestation              Necr           ######....   92%         8    #######
 Necromutation            Tmut/Necr      ######....   92%         8    #######
 Shatter                  Erth           ######....   100%        9    #######
 Tornado                  Air            ######....   100%        9    #######


Dungeon Overview and Level Annotations

Branches:
Dungeon (15/15)            Temple (1/1) D:7            Lair (6/6) D:10
  Swamp (4/4) Lair:4       Spider (4/4) Lair:4        Slime (0/5) Lair:6
    Orc (2/2) D:11            Elf (3/3) Orc:2        Vaults (5/5) D:13
  Crypt (0/3) Vaults:2     Depths (5/5) D:15            Zot (5/5) Depths:5
  Sewer (visited)          Bailey (visited)           IceCv (visited)
Desolation (visited)      Gauntlet (visited)

Altars:
Ashenzari
Cheibriados
Dithmenos
Elyvilon
Fedhas
Gozag
Hepliaklqana
Kikubaaqudgha
Makhleb
Nemelex Xobeh
Okawaru
Qazlal
Ru
Sif Muna
Trog
Uskayaw
Vehumet
Wu Jian
Xom
Yredelemnul
Zin
The Shining One
Beogh
Lugonu

Shops:
D:4 (}*=(   D:8 (   D:14 (   Orc:2 *(=[*   Elf:1 [   Elf:3 :   Vaults:3 *
Depths:1 }   Depths:2 =}:*   Depths:5 *

Portals:
Hell: Depths:1 Depths:2 Depths:3 Depths:4 Depths:5
Abyss: Depths:1 Depths:2 Depths:4
Pandemonium: Depths:3 Depths:5
Ziggurat: Depths:4


Innate Abilities, Weirdness & Mutations

Your experience applies equally to all skills.
You have very sharp teeth.
Your uncanny sense of smell can sniff out nearby items.
You have sharp fingernails.
Scrolls take you a little longer to read.
Your mind is acute. (Int +2)
Your natural rate of healing is unusually fast.
You are robust. (+10% HP)


Message History

You reflect the stone off an invisible shield around you!
The stone misses the kobold.
You slice the kobold!!
You kill the kobold!
No target in view!
g - 14 potions of curing (gained 1);
W - 7 scrolls of identify (gained 1)
You now have 5995 gold pieces (gained 27).
You see here a +0 whip.
There is an escape hatch in the ceiling here.
A mysterious force pulls you upwards. The hatch slams shut behind you.
There is a stone staircase leading down here.
A chaos spawn comes into view.
The chaos spawn croaks.
You chop the chaos spawn into pieces!!!
You kill the chaos spawn!
The chaos spawn degenerates into a cloud of primal chaos!
There is an open door here.
There is a staircase leading out of the dungeon here.
You see here a +0 dagger.
You have escaped!

# #.#####.#####..# #
#.#...#.#...#..# #
#.#...'.#.>.#..# #.#...#.#...#..#
##.#####.##'##..#
#.........§.....#
#..##'##.#####..# #####
#..#...#.#...#..# #...#
#..#...#.'.@.#..# #.#.#
#..#...#.#...#..# #.#.#
#..#####.#####..# #.#.#
##...............# #.#.# ##
#...........##.#.# #.#.# #.
#............#...###.#.# #†
#............###.#...#.# #.
#####............###.#.#.#.#####.
....#................#...........


There were no monsters in sight!

Vanquished Creatures
  Mara (Depths:1)
  2 orbs of fire
  9 ancient liches
  A juggernaut (Depths:4)
  Mennas (Vaults:2)
  A pandemonium lord (D:8)
  A shard shrike (Zot:5)
  Frederick (Depths:5)
  Sojobo (Depths:1)
  Saint Roka (Orc:1)
  The ghost of rgbqcd the Executioner, a veteran MiBe of Trog (Vaults:3)
  Bai Suzhen (Swamp:3)
  4 Killer Klowns
  2 curse toes
  9 golden dragons
  the Enchantress (Depths:5)
  A Brimstone Fiend (D:4)
  5 electric golems
  3 liches
  2 Ice Fiends
  Jorgrun (D:14)
  28 tentacled monstrosities
  27 Orb Guardians
  Asterion (Depths:1)
  The ghost of Serus the Hoplite, an adept GrFi of Qazlal (Vaults:2)
  12 titans
  A deep elf blademaster (Elf:3)
  The ghost of Tartanist the Unseen, an adept VSAs of Dithmenos (Vaults:4)
  The ghost of peterlawrence the Tortoise, an adept MiFi of Okawaru (Elf:2)
  12 death cobs
  6 quicksilver dragons
  A tentacled starspawn (Abyss:3)
  4 sphinxes
  Agnes (Depths:1)
  17 storm dragons
  8 shadow dragons
  9 tengu reavers
  A storm dragon (shapeshifter) (Depths:3)
  Donald (Spider:4)
  2 thorn hunters
  Kirke (Spider:1)
  3 draconian monks
  The ghost of Teapueps the Spry, an adept SpFE of Dithmenos (Vaults:2)
  An azure jelly (shapeshifter) (Depths:3)
  Roxanne (D:14)
  4 fire giants
  3 deep elf sorcerers
  10 frost giants
  5 emperor scorpions
  3 draconian knights
  An iron dragon (Vaults:5)
  7 ghost moths
  2 orc warlords
  2 draconian shifters
  An angel (Abyss:3)
  A draconian stormcaller (Zot:1)
  2 imperial myrmidons (Desolation)
  6 deep elf elementalists
  5 cacodemons
  20 vault wardens
  A draconian scorcher (Zot:4)
  2 draconian annihilators
  16 ironheart preservers
  5 entropy weavers
  3 spriggan defenders
  13 stone giants
  27 very ugly things
  5 war gargoyles
  A stone giant (shapeshifter) (Vaults:2)
  3 vampire knights
  8 deep elf demonologists
  A lorocyproca (Abyss:3)
  3 purple draconians
  3 halazid warlocks (Desolation)
  7 black draconians
  10 deep elf annihilators
  10 green draconians
  14 red draconians
  A minotaur (shapeshifter) (Depths:3)
  9 white draconians
  A minotaur (Gauntlet)
  8 yellow draconians
  4 spark wasps
  16 ettins
  9 crystal guardians
  The ghost of Lenib Ruel the Bludgeoner, a journeyman GrFi of Okawaru (Lair:4)
  An eidolon (Abyss:3)
  Snorg (D:11)
  2 death oozes (Swamp:4)
  2 blizzard demons (Depths:3)
  12 yaktaur captains
  2 green deaths (Swamp:4)
  6 deep elf death magi
  2 deep elf high priests (Elf:3)
  4 fire dragons
  8 great orbs of eyes
  15 ragged hierophants (Desolation)
  4 ice dragons
  2 naga warriors (Depths:5)
  53 vault guards
  7 rakshasas
  3 hell beasts
  4 servants of whispers (Desolation)
  7 spriggan air magi
  13 hydras
  8 centaur warriors
  A ghost crab (Swamp:3)
  2 catoblepae
  13 peacekeepers (Desolation)
  Erica (Orc:2)
  An anaconda (shapeshifter) (Depths:3)
  2 shambling mangroves
  A hydra (shapeshifter) (Vaults:2)
  A monstrous demonspawn (Depths:5)
  16 alligators
  A queen ant (Spider:4)
  10 deep troll shamans
  12 ogre magi
  5 spriggan berserkers
  4 tengu warriors
  36 two-headed ogres
  13 deep troll earth magi
  43 dancing weapons
  Urug (Lair:4)
  5 orc high priests
  26 deep elf knights
  2 shock serpents (Depths:5)
  Nergalle (D:11)
  A soul eater (Abyss:3)
  Sonja (Lair:2)
  A sun demon (D:8)
  A salamander mystic (Depths:2)
  A wretched star (Abyss:3)
  5 sixfirhies
  A fire crab (shapeshifter) (Depths:3)
  5 hell knights
  5 obsidian statues
  4 unseen horrors
  A shadow wraith (Vaults:1)
  32 deep trolls
  An unseen horror (shapeshifter) (Vaults:5)
  A shadow demon (D:3)
  6 iron trolls
  2 swamp dragons
  4 wizards
  22 deep elf archers
  An infernal demonspawn (Depths:5)
  11 glowing orange brains
  2 swamp dragons (shapeshifter)
  2 deep trolls (shapeshifter)
  The ghost of NeAGen181 the Summoner, a novice TeSu of Sif Muna (D:8)
  2 flayed ghosts
  4 spriggan druids
  An orange crystal statue (Gauntlet)
  4 harpies
  17 orc knights
  22 ironbrand convokers
  75 deep elf magi
  2 necromancers
  Pikel (D:7)
  9 large abominations
  4 phantasmal warriors
  34 wolf spiders
  7 orc sorcerers
  24 orb spiders
  43 ugly things
  A faun (shapeshifter) (Depths:4)
  A fire giant zombie (Depths:2)
  8 cyclopes
  2 salamanders (shapeshifter)
  An elf zombie (Depths:1)
  A black mamba (shapeshifter) (Vaults:5)
  3 salamanders (Depths:2)
  7 elephants
  16 vault sentinels
  20 moths of wrath
  Joseph (D:9)
  An elephant (shapeshifter) (Vaults:5)
  2 guardian serpents (shapeshifter)
  3 guardian serpents (Desolation)
  A naga mage (Depths:5)
  A smoke demon (Abyss:3)
  5 black mambas
  3 ice statues
  2 frost giant skeletons
  An eye of devastation (shapeshifter) (Vaults:5)
  A torpor snail (Spider:3)
  7 molten gargoyles
  A fire giant skeleton (Depths:2)
  4 gargoyles
  A rust devil (D:11)
  2 yaktaurs (shapeshifter)
  4 orange demons
  A rime drake (shapeshifter) (Depths:2)
  33 spiny frogs
  11 komodo dragons
  3 kobold demonologists
  A golden dragon simulacrum (IceCv)
  2 efreet
  A spark wasp simulacrum (Depths:1)
  6 rime drakes
  25 yaktaurs
  9 freezing wraiths
  14 demonic crawlers
  2 anaconda simulacra (IceCv)
  7 ice devils
  2 queen bees (shapeshifter)
  A queen bee (D:9)
  5 trolls
  2 red devils
  A tengu conjurer (D:15)
  A polar bear (shapeshifter) (Vaults:3)
  3 jumping spiders (shapeshifter)
  36 jumping spiders
  27 hornets
  3 meliai (Spider:4)
  4 wind drakes (Depths:3)
  A polar bear (Lair:3)
  A hornet (shapeshifter) (Vaults:2)
  18 tyrant leeches
  A wind drake (shapeshifter) (Vaults:3)
  2 blink frogs (shapeshifter)
  A snapping turtle (shapeshifter) (Depths:3)
  10 bog bodies
  70 saltlings (Desolation)
  57 slime creatures
  16 hippogriffs
  A spriggan zombie (Depths:1)
  33 blink frogs
  8 raiju
  A stone giant simulacrum (Depths:1)
  8 air elementals
  17 spriggans
  82 redbacks
  6 starcursed masses (Abyss:3)
  5 wraiths
  27 tarantellas
  2 vampires (D:10)
  14 water elementals
  3 shadows
  5 hogs (Spider:1)
  3 dire elephant simulacra
  4 fire elementals
  6 basilisks
  35 yaks
  17 vampire mosquitoes
  A neqoxec (Abyss:3)
  A human (shapeshifter) (Vaults:3)
  2 tarantellas (shapeshifter)
  10 wyverns
  2 chaos spawn
  A death yak simulacrum (IceCv)
  A steam dragon (D:13)
  2 iron troll simulacra (IceCv)
  2 hungry ghosts (D:11)
  6 insubstantial wisps
  4 harpy simulacra (IceCv)
  4 wargs
  A swamp worm (shapeshifter) (Elf:2)
  15 swamp worms
  4 acid dragons
  3 soldier ants (Spider:4)
  A water moccasin (shapeshifter) (Depths:4)
  2 floating eyes
  A human skeleton (Depths:2)
  4 porcupines
  11 water moccasins
  3 hydra simulacra (IceCv)
  A floating eye (shapeshifter) (Vaults:5)
  A hell hound (Lair:4)
  10 swamp drakes
  An ice beast (shapeshifter) (Depths:3)
  55 orc warriors
  2 swamp drakes (shapeshifter)
  2 eyes of draining (D:11)
  A slave (D:7)
  A deep troll simulacrum (Depths:1)
  An ettin simulacrum (IceCv)
  4 phantoms
  2 eyes of draining (shapeshifter)
  A necrophage (D:11)
  A sky beast (shapeshifter) (Vaults:5)
  8 sky beasts
  2 ice beasts
  8 wolves
  31 ogres
  16 centaurs
  A crocodile (shapeshifter) (Vaults:3)
  4 big kobolds
  12 crocodiles
  27 bullfrogs
  A gnoll sergeant (D:6)
  A wyvern zombie (D:10)
  19 earth elementals
  A wyvern skeleton (D:8)
  6 scorpions
  2 small abominations
  24 killer bees
  An elf simulacrum (Vaults:3)
  13 wights
  A howler monkey (D:11)
  3 electric eels
  3 lava snakes (D:9)
  6 crimson imps
  A draconian simulacrum (IceCv)
  A bullfrog zombie (D:11)
  4 centaur zombies
  6 hounds
  13 jellies
  26 orc priests
  An iron imp (Abyss:3)
  4 bullfrog skeletons
  3 centaur skeletons
  A gnoll shaman (D:9)
  2 iguanas
  29 orc wizards
  17 worker ants
  A polar bear simulacrum (IceCv)
  4 troll simulacra (IceCv)
  A spriggan simulacrum (IceCv)
  3 centaur simulacra (IceCv)
  A hound zombie (D:7)
  A hound skeleton (D:11)
  A worker ant zombie (D:6)
  A howler monkey skeleton (D:5)
  3 ogre simulacra (IceCv)
  13 adders
  9 gnolls
  2 naga simulacra (IceCv)
  7 river rats
  3 shadow imps
  A white imp (IceCv)
  11 ufetubi
  7 oozes
  An adder skeleton (D:5)
  An adder zombie (D:5)
  6 worms
  2 dart slugs
  6 leopard geckos
  70 orcs
  4 giant cockroaches
  10 goblins
  8 hobgoblins
  7 jackals
  5 quokkas
  13 ball pythons
  5 bats
  10 frilled lizards
  36 kobolds
  A leopard gecko skeleton (D:6)
  A quokka zombie (D:9)
  36 rats
  A fire vortex (Depths:2)
  A lurking horror (Abyss:3)
  4 pillars of salt (Elf:2)
  4 starspawn tentacles (Abyss:3)
2673 creatures vanquished.

Vanquished Creatures (collateral kills)
  A spriggan defender (Depths:5)
  A jumping spider (Spider:4)
2 creatures vanquished.

Vanquished Creatures (others)
  2 deep elf master archers (Elf:3)
  A shadow dragon (Vaults:5)
  A draconian knight (Zot:1)
  A war gargoyle (Depths:3)
  A black draconian (Zot:4)
  2 hydras
  A centaur warrior (D:11)
  2 deep elf archers (Elf:1)
  An ironbrand convoker (Desolation)
  An ugly thing (Depths:1)
  A wolf spider (Spider:2)
  2 vault sentinels (Vaults:1)
  A moth of wrath (Zot:1)
  2 spiny frogs
  A gargoyle (D:11)
  A hellion (Zot:5)
  2 yaktaurs (Depths:4)
  A meliai (D:14)
  A hornet (Swamp:2)
  2 blink frogs
  A hippogriff (Lair:4)
  A redback (Lair:4)
  A spriggan (shapeshifter) (Vaults:1)
  A fire elemental (Depths:3)
  A human (Spider:1)
  A sky beast (shapeshifter) (Depths:3)
  A centaur (Depths:2)
  2 ogres
  A bullfrog (Lair:4)
  A killer bee (D:10)
  11 ball lightnings (Depths:3)
  3 orcs
  12 fungi
  A pillar of salt (Elf:2)
  23 plants
  3 spectral weapons
91 creatures vanquished.

Grand Total: 2766 creatures vanquished

Notes
Turn   | Place    | Note
-------+----------+-------------------------------------------
     0 | D:1      | Kagalorn the Gnoll Wanderer began the quest for the Orb.
     0 | D:1      | Kagalorn set off with the following items: a +0 spear, a +2
                  | scale mail, a potion of lignification, a +0 dagger, a
                  | ration
     0 | D:1      | Reached XP level 1. HP: 13/13 MP: 1/1
   142 | D:1      | Reached XP level 2. HP: 18/20 MP: 2/2
   366 | D:1      | Reached XP level 3. HP: 20/25 MP: 3/3
   845 | D:2      | Found a faded altar of an unknown god.
  1035 | D:2      | Noticed a scorpion
  1053 | D:2      | Killed a scorpion
  1053 | D:2      | Reached skill level 1 in Fighting
  1053 | D:2      | Reached skill level 1 in Short Blades
  1053 | D:2      | Reached skill level 1 in Maces & Flails
  1053 | D:2      | Reached skill level 1 in Polearms
  1053 | D:2      | Reached skill level 1 in Staves
  1053 | D:2      | Reached skill level 1 in Slings
  1053 | D:2      | Reached skill level 1 in Bows
  1053 | D:2      | Reached skill level 1 in Crossbows
  1053 | D:2      | Reached skill level 1 in Throwing
  1053 | D:2      | Reached skill level 1 in Shields
  1053 | D:2      | Reached skill level 1 in Unarmed Combat
  1053 | D:2      | Reached skill level 1 in Spellcasting
  1053 | D:2      | Reached skill level 1 in Invocations
  1053 | D:2      | Reached skill level 1 in Evocations
  1053 | D:2      | Reached XP level 4. HP: 23/32 MP: 5/5
  1083 | D:2      | Became a worshipper of Elyvilon the Healer
  1083 | D:2      | Reached * piety under Elyvilon
  1127 | D:2      | Reached skill level 1 in Conjurations
  1127 | D:2      | Reached skill level 1 in Hexes
  1127 | D:2      | Reached skill level 1 in Charms
  1127 | D:2      | Reached skill level 1 in Summonings
  1127 | D:2      | Reached skill level 1 in Necromancy
  1127 | D:2      | Reached skill level 1 in Translocations
  1127 | D:2      | Reached skill level 1 in Transmutations
  1127 | D:2      | Reached skill level 1 in Fire Magic
  1127 | D:2      | Reached skill level 1 in Ice Magic
  1127 | D:2      | Reached skill level 1 in Air Magic
  1127 | D:2      | Reached skill level 1 in Earth Magic
  1127 | D:2      | Reached skill level 1 in Poison Magic
  1198 | D:2      | Found a hide-covered altar of Uskayaw.
  1199 | D:2      | Noticed a +0 dagger
  1199 | D:2      | Noticed a +0 dagger
  1420 | D:2      | Reached ** piety under Elyvilon
  1684 | D:3      | Found a blossoming altar of Fedhas.
  1697 | D:3      | Reached XP level 5. HP: 32/37 MP: 6/6
  2133 | D:3      | Found a bloodstained altar of Trog.
  2635 | D:3      | Reached XP level 6. HP: 32/44 MP: 8/8
  2664 | D:3      | Found a shadowy altar of Dithmenos.
  3109 | D:4      | Found Xyasij's Weapon Shoppe.
  3133 | D:4      | Found Ymigofen's Jewellery Emporium.
  3148 | D:4      | Found Beckete's General Store.
  3160 | D:4      | Found Arreerghuob's Gadget Shoppe.
  3263 | D:4      | Reached skill level 5 in Dodging
  3268 | D:4      | Found Bented's Weapon Shoppe.
  3738 | D:5      | Entered Level 5 of the Dungeon
  3765 | D:5      | Reached XP level 7. HP: 45/50 MP: 10/10
  3767 | D:5      | Reached *** piety under Elyvilon
  3911 | D:5      | Found a glowing drain.
  3930 | Sewer    | Entered a sewer
  4308 | Sewer    | HP: 2/51 [bullfrog (6)]
  4313 | Sewer    | Reached skill level 5 in Stealth
  4640 | D:5      | Found a basalt altar of Yredelemnul.
  4807 | D:5      | Reached XP level 8. HP: 22/57 MP: 12/12
  5005 | D:5      | Found a white marble altar of Elyvilon.
  5005 | D:5      | Found a sparkling altar of Nemelex Xobeh.
  5235 | D:5      | Found a shimmering blue altar of Sif Muna.
  5843 | D:6      | Reached **** piety under Elyvilon
  6384 | D:6      | Reached XP level 9. HP: 39/65 MP: 14/14
  6645 | D:7      | Noticed Pikel
  6648 | D:7      | Found a staircase to the Ecumenical Temple.
  6678 | D:7      | Killed Pikel
  6704 | Temple   | Entered the Ecumenical Temple
  6893 | D:7      | Reached skill level 5 in Long Blades
  6893 | D:7      | Reached skill level 5 in Axes
  7057 | D:7      | Reached ***** piety under Elyvilon
  7224 | D:8      | Got a warped robe
  7619 | D:8      | Reached skill level 5 in Invocations
  7674 | D:8      | Found Powkyal's Weapon Shop.
  8065 | D:8      | Reached XP level 10. HP: 65/73 MP: 17/17
  8106 | D:8      | Found a runed translucent door.
  8112 | D:8      | Noticed NeAGen181's ghost (novice TeSu)
  8762 | D:9      | Reached skill level 5 in Fighting
  8762 | D:9      | Reached skill level 5 in Short Blades
  8762 | D:9      | Reached skill level 5 in Maces & Flails
  8762 | D:9      | Reached skill level 5 in Polearms
  8762 | D:9      | Reached skill level 5 in Staves
  8762 | D:9      | Reached skill level 5 in Slings
  8762 | D:9      | Reached skill level 5 in Bows
  8762 | D:9      | Reached skill level 5 in Crossbows
  8762 | D:9      | Reached skill level 5 in Throwing
  8762 | D:9      | Reached skill level 5 in Shields
  8762 | D:9      | Reached skill level 5 in Unarmed Combat
  8762 | D:9      | Reached skill level 5 in Spellcasting
  8762 | D:9      | Reached skill level 5 in Evocations
  9042 | D:9      | Reached skill level 10 in Armour
  9604 | D:9      | Noticed Joseph
  9799 | D:9      | Got a polished chain mail
  9800 | D:9      | Identified the +1 chain mail of Oscheck {rPois Str+7 Int-4}
                  | (You found it on level 9 of the Dungeon)
 10200 | D:9      | Found an iron altar of Okawaru.
 10243 | D:10     | Entered Level 10 of the Dungeon
 10243 | D:10     | Found a portal to a secret trove of treasure.
 10664 | D:9      | HP: 4/114 [killer bee (3)]
 10671 | D:9      | HP: 4/114 [poisoned by a killer bee]
 10679 | D:9      | HP: 4/114 [poisoned by a killer bee]
 11015 | D:10     | Reached XP level 11. HP: 44/81 MP: 17/19
 11433 | D:10     | Noticed a two-headed ogre
 11454 | D:9      | Killed Joseph
 11727 | D:10     | Found a staircase to the Lair.
 11735 | D:10     | Reached skill level 5 in Conjurations
 11735 | D:10     | Reached skill level 5 in Hexes
 11735 | D:10     | Reached skill level 5 in Charms
 11735 | D:10     | Reached skill level 5 in Summonings
 11735 | D:10     | Reached skill level 5 in Necromancy
 11735 | D:10     | Reached skill level 5 in Translocations
 11735 | D:10     | Reached skill level 5 in Transmutations
 11735 | D:10     | Reached skill level 5 in Fire Magic
 11735 | D:10     | Reached skill level 5 in Ice Magic
 11735 | D:10     | Reached skill level 5 in Air Magic
 11735 | D:10     | Reached skill level 5 in Earth Magic
 11735 | D:10     | Reached skill level 5 in Poison Magic
 11790 | D:10     | Killed a two-headed ogre
 12013 | D:11     | Noticed an obsidian statue
 12074 | D:11     | Found a staircase to the Orcish Mines.
 12090 | D:11     | Noticed Snorg
 12101 | D:11     | Killed Snorg
 12171 | D:11     | Noticed Nergalle
 12197 | D:11     | Killed Nergalle
 12212 | D:11     | Noticed a cyclops
 12263 | D:11     | Killed a cyclops
 13289 | D:11     | Noticed a centaur warrior
 13289 | D:11     | Noticed a red ugly thing
 13294 | D:11     | Pacified a red ugly thing
 13295 | D:11     | Killed a centaur warrior
 13363 | D:10     | HP: 1/83 [something (8)]
 13921 | D:11     | Noticed a two-headed ogre
 13926 | D:11     | Noticed an eight-headed hydra
 13928 | D:11     | Killed a two-headed ogre
 13928 | D:11     | Reached XP level 12. HP: 89/89 MP: 20/22
 13930 | D:11     | Pacified an eight-headed hydra
 14459 | D:11     | Identified the Catalogue of Aid and Battle Magic
 15033 | D:12     | Found a flagged portal.
 15170 | Bailey   | Entered a bailey
 15193 | Bailey   | Noticed an orc warlord
 15413 | Bailey   | Found a runed translucent gate.
 15413 | Bailey   | Found a runed translucent gate.
 15413 | Bailey   | Found a runed translucent gate.
 15550 | Bailey   | Killed an orc warlord
 15594 | Bailey   | Identified the Reference Book on Feathery Shape Shifting
 15649 | Bailey   | Identified a scroll of acquirement
 16175 | Lair:1   | Entered Level 1 of the Lair of Beasts
 16221 | Lair:1   | Reached XP level 13. HP: 77/98 MP: 23/25
 17719 | Lair:2   | Noticed Sonja
 17724 | Lair:2   | Killed Sonja
 17724 | Lair:2   | Reached XP level 14. HP: 101/105 MP: 26/26
 18181 | Lair:2   | Reached ****** piety under Elyvilon
 18243 | Lair:2   | Learned a level 3 spell: Spectral Weapon
 18248 | Lair:2   | Learned a level 4 spell: Summon Lightning Spire
 19126 | Lair:3   | Found a gate leading to a gauntlet.
 19152 | Gauntlet | Entered a Gauntlet
 19152 | Gauntlet | Found a transporter.
 19152 | Gauntlet | Found a transporter.
 19168 | Gauntlet | Found a transporter.
 19172 | Gauntlet | Found a transporter.
 19186 | Gauntlet | Found a transporter.
 19188 | Gauntlet | Found a transporter.
 19206 | Gauntlet | Found a transporter.
 19217 | Gauntlet | Found a transporter.
 19234 | Gauntlet | Found a transporter.
 19238 | Gauntlet | Found a transporter.
 19248 | Gauntlet | Found a transporter.
 19252 | Gauntlet | Found a transporter.
 19363 | Gauntlet | Got a brightly glowing jade ring
 19369 | Gauntlet | Identified the ring "Eklugeti" {*Tele rElec MR++ Str-2
                  | Dex+4} (You found it in a Gauntlet)
 19586 | Gauntlet | Got an ancient pewter ring
 19603 | Gauntlet | Gained mutation: Your spells are a little easier to cast,
                  | but a little less powerful. [a shining eye]
 19618 | Gauntlet | Got a faintly glowing cloak
 19634 | Gauntlet | Identified the ring "Soodi" {*Contam rPois MR+ Dex+8
                  | Stlth+} (You found it in a Gauntlet)
 19724 | Gauntlet | Got a shimmering golden amulet
 19733 | Gauntlet | Identified the amulet of Boseshryv {Inacc Str+5 Int+2} (You
                  | found it in a Gauntlet)
 19751 | Gauntlet | Identified the +3 cloak of Duck's Teeth {rElec Str+2} (You
                  | found it in a Gauntlet)
 20411 | Lair:4   | Found a staircase to the Swamp.
 20415 | Lair:4   | Noticed Lenib Ruel's ghost (journeyman GrFi)
 20420 | Lair:4   | Found a runed translucent door.
 20465 | Lair:4   | Reached skill level 10 in Dodging
 21269 | Lair:4   | Noticed Urug
 21283 | Lair:4   | Killed Urug
 21365 | Lair:4   | Reached skill level 10 in Stealth
 21801 | Lair:4   | Reached skill level 10 in Invocations
 21804 | Lair:4   | Found a hole to the Spider Nest.
 23021 | Lair:6   | Entered Level 6 of the Lair of Beasts
 23116 | Lair:5   | Reached XP level 15. HP: 113/113 MP: 28/28
 23696 | Lair:6   | Found a staircase to the Slime Pits.
 23970 | Lair:6   | Reached skill level 10 in Long Blades
 23970 | Lair:6   | Reached skill level 10 in Axes
 25531 | D:12     | Found a blossoming altar of Fedhas.
 26666 | D:13     | Found a shadowy altar of Dithmenos.
 26748 | D:13     | Reached skill level 10 in Fighting
 26748 | D:13     | Reached skill level 10 in Short Blades
 26748 | D:13     | Reached skill level 10 in Maces & Flails
 26748 | D:13     | Reached skill level 10 in Polearms
 26748 | D:13     | Reached skill level 10 in Staves
 26748 | D:13     | Reached skill level 10 in Slings
 26748 | D:13     | Reached skill level 10 in Bows
 26748 | D:13     | Reached skill level 10 in Crossbows
 26748 | D:13     | Reached skill level 10 in Throwing
 26748 | D:13     | Reached skill level 10 in Shields
 26748 | D:13     | Reached skill level 10 in Unarmed Combat
 26748 | D:13     | Reached skill level 10 in Spellcasting
 26748 | D:13     | Reached skill level 10 in Evocations
 26788 | D:13     | Found a gate to the Vaults.
 27101 | D:14     | Found Myalev's Antique Weapon Shoppe.
 27508 | D:14     | Noticed Jorgrun
 27520 | D:14     | Killed Jorgrun
 27520 | D:14     | Reached XP level 16. HP: 71/122 MP: 30/30
 27877 | D:14     | Identified Roxanne's Guide on Transformation
 27877 | D:14     | Noticed Roxanne
 28220 | D:14     | Learned a level 2 spell: Blink
 28243 | D:15     | Entered Level 15 of the Dungeon
 28826 | D:15     | Found a staircase to the Depths.
 28889 | D:15     | Found a shattered altar of Ashenzari.
 29132 | D:15     | Found a blossoming altar of Fedhas.
 29336 | Orc:1    | Entered Level 1 of the Orcish Mines
 30153 | Orc:2    | Entered Level 2 of the Orcish Mines
 30420 | Orc:2    | Noticed Saint Roka
 30603 | Orc:1    | Killed Saint Roka
 30830 | Orc:2    | Found Yjioc's General Store.
 30838 | Orc:2    | Bought a scroll of identify for 22 gold pieces
 30838 | Orc:2    | Bought a scroll of enchant armour for 82 gold pieces
 31366 | Orc:2    | Found a roughly hewn altar of Beogh.
 31370 | Orc:2    | Found Duonoul's Antique Weapon Shoppe.
 31555 | Orc:2    | Found Enniplo's Antique Armour Shoppe.
 31570 | Orc:2    | Found Qamaxay's General Store.
 31586 | Orc:2    | Found Funyosuo's Jewellery Shoppe.
 31652 | Orc:2    | Found a staircase to the Elven Halls.
 31699 | Orc:2    | Found a roughly hewn altar of Beogh.
 31721 | Orc:1    | Noticed Erica
 31727 | Orc:2    | Killed Erica
 32168 | Swamp:1  | Entered Level 1 of the Swamp
 32593 | Swamp:1  | Reached XP level 17. HP: 130/130 MP: 31/31
 35291 | Swamp:3  | Learned a level 2 spell: Passwall
 35296 | Swamp:3  | Learned a level 4 spell: Petrify
 35303 | Swamp:3  | Learned a level 6 spell: Statue Form
 35734 | Swamp:3  | Noticed Bai Suzhen
 35772 | Swamp:3  | Killed Bai Suzhen
 36022 | Swamp:4  | Entered Level 4 of the Swamp
 37115 | Swamp:4  | Reached XP level 18. HP: 138/138 MP: 33/33
 37281 | Swamp:4  | Reached skill level 10 in Conjurations
 37281 | Swamp:4  | Reached skill level 10 in Hexes
 37281 | Swamp:4  | Reached skill level 10 in Charms
 37281 | Swamp:4  | Reached skill level 10 in Summonings
 37281 | Swamp:4  | Reached skill level 10 in Necromancy
 37281 | Swamp:4  | Reached skill level 10 in Translocations
 37281 | Swamp:4  | Reached skill level 10 in Transmutations
 37281 | Swamp:4  | Reached skill level 10 in Fire Magic
 37281 | Swamp:4  | Reached skill level 10 in Ice Magic
 37281 | Swamp:4  | Reached skill level 10 in Air Magic
 37281 | Swamp:4  | Reached skill level 10 in Earth Magic
 37281 | Swamp:4  | Reached skill level 10 in Poison Magic
 37625 | Swamp:4  | Got a scintillating garnet amulet
 37647 | Swamp:4  | Got a decaying rune of Zot
 37673 | Swamp:4  | Identified the amulet of Plog {Spirit +Blink rF+ rC- rN+
                  | MR+} (You found it on level 4 of the Swamp)
 37811 | Spider:1 | Entered Level 1 of the Spider Nest
 37812 | Spider:1 | Noticed Kirke
 37872 | Spider:1 | Killed Kirke
 40371 | Spider:3 | Found a frozen archway.
 40429 | Spider:2 | HP: 9/182 [poisoned by a ghost moth]
 40434 | Spider:2 | HP: 6/182 [poisoned by a ghost moth]
 40440 | Spider:2 | HP: 6/182 [poisoned by a ghost moth]
 40445 | Spider:2 | HP: 6/140 [poisoned by a ghost moth]
 40731 | IceCv    | Entered an ice cave
 41276 | IceCv    | Noticed an Ice Fiend
 41617 | IceCv    | Killed an Ice Fiend
 41617 | IceCv    | Reached XP level 19. HP: 43/189 MP: 45/45
 41817 | IceCv    | Got a pair of ichor-stained gloves
 41826 | IceCv    | Identified the +5 pair of gloves of Midwinter {rElec rPois
                  | Int+6 Dex-2} (You found it in an ice cave)
 42287 | Spider:4 | Entered Level 4 of the Spider Nest
 42873 | Spider:4 | Got an iridescent rapier
 42874 | Spider:4 | Identified the +6 rapier "Iceicear" {flame, *Slow +Inv rN+
                  | Stlth+} (You found it on level 4 of the Spider Nest)
 43830 | Spider:4 | Noticed Donald
 43843 | Spider:4 | Killed Donald
 44108 | Spider:4 | Got a steaming chain mail
 44116 | Spider:4 | Identified the +1 chain mail of Terror {+Inv rPois rN+}
                  | (You found it on level 4 of the Spider Nest)
 45268 | Spider:4 | Got a gossamer rune of Zot
 45769 | Vaults:1 | Entered Level 1 of the Vaults
 47348 | Vaults:1 | Reached XP level 20. HP: 126/155 MP: 36/36
 47670 | Vaults:1 | Reached skill level 15 in Armour
 48054 | Vaults:1 | Identified the +9 lajatang of Eternal Harmony {slice, rElec
                  | rN+ Str+8 Int-2} (You found it on level 1 of the Vaults)
 49797 | Vaults:2 | Identified the +10 trident of Bodily Harmony {distort,
                  | rElec}
 50215 | Vaults:2 | Found a staircase to the Crypt.
 50219 | Vaults:2 | Found a runed translucent gate.
 50219 | Vaults:2 | Found a runed translucent gate.
 50219 | Vaults:2 | Found a runed translucent gate.
 50653 | Vaults:2 | Identified the +4 large shield of the Endless Hells {+Inv
                  | MR+ Str-3}
 50653 | Vaults:2 | Noticed Mennas
 50689 | Vaults:2 | HP: 4/234 [Mennas/+5 trishula of holy wrath (12)]
 51559 | Vaults:3 | Identified the +4 shortbow of the Hawk {velocity, Str+4
                  | Dex+5}
 51651 | Vaults:3 | Found Genlim's Assorted Antiques.
 51656 | Vaults:3 | Bought a scroll of blinking for 315 gold pieces
 52211 | Vaults:3 | Found a runed translucent gate.
 52211 | Vaults:3 | Found a runed translucent gate.
 52211 | Vaults:3 | Found a runed translucent gate.
 52275 | Vaults:3 | Reached XP level 21. HP: 138/163 MP: 38/38
 52992 | Vaults:4 | Got a translucent flail
 52993 | Vaults:4 | Identified the cursed +3 flail of Zemid {freeze, rElec
                  | rPois} (You found it on level 4 of the Vaults)
 53318 | Vaults:4 | Noticed Tartanist's ghost (adept VSAs)
 53319 | Vaults:4 | Found a runed translucent door.
 54305 | Elf:1    | Entered Level 1 of the Elven Halls
 54472 | Elf:1    | Found Milydapn's Antique Armour Emporium.
 55569 | Elf:1    | Found a radiant altar of Vehumet.
 56015 | Elf:1    | Reached skill level 15 in Invocations
 56606 | Elf:2    | Found a ruined gateway.
 56666 | Desolati | Entered the Desolation of Salt
 56937 | Desolati | Identified the +10 battleaxe "Xueluso" {venom, SInv} (You
                  | found it in the Desolation of Salt)
 56949 | Desolati | Identified Dosadon's Tome of Creation
 57008 | Desolati | Reached XP level 22. HP: 172/172 MP: 40/40
 57686 | Desolati | Identified the Disquisition on the Rocks and Transmutation
 57694 | Desolati | Identified the amulet "Orphees" {Harm *Drain rPois} (You
                  | found it in the Desolation of Salt)
 57703 | Desolati | Identified the Volume of Good Luck
 58535 | Elf:2    | Found a runed translucent gate.
 58535 | Elf:2    | Found a runed translucent gate.
 58535 | Elf:2    | Found a runed translucent gate.
 58569 | Elf:2    | Reached skill level 15 in Dodging
 58582 | Elf:2    | Found a runed translucent gate.
 58584 | Elf:2    | Found a runed translucent gate.
 58587 | Elf:2    | Found a runed translucent gate.
 59106 | Elf:2    | Learned a level 6 spell: Deflect Missiles
 59112 | Elf:2    | Learned a level 5 spell: Silence
 59207 | Elf:2    | Reached skill level 15 in Stealth
 59387 | Elf:3    | Entered Level 3 of the Elven Halls
 59814 | Elf:3    | Found Bok Ipha's Book Emporium.
 60213 | Elf:3    | Identified the +7 long sword of the Sage {slice, MP+9
                  | Int+2}
 60257 | Elf:3    | Reached XP level 23. HP: 179/179 MP: 41/41
 60566 | Elf:3    | Cast into level 3 of the Abyss (+0 long sword of
                  | distortion)
 60809 | Elf:3    | Escaped the Abyss
 61082 | Elf:3    | Identified the +2 leather armour "Vuopli" {rF- Regen+ Int+6
                  | SInv}
 61095 | Elf:3    | Identified the +6 falchion of Forced Transition {antimagic,
                  | +Fly}
 61101 | Elf:3    | Reached skill level 15 in Long Blades
 61101 | Elf:3    | Reached skill level 15 in Axes
 61625 | Elf:3    | Identified the Grimoire of Burning Air
 61974 | D:14     | Killed Roxanne
 62047 | Depths:1 | Entered Level 1 of the Depths
 62049 | Depths:1 | Noticed Asterion
 62049 | Depths:1 | Noticed Agnes
 62049 | Depths:1 | Noticed Sojobo
 62060 | Depths:1 | Found a one-way gate to the infinite horrors of the Abyss.
 62293 | Depths:1 | Killed Agnes
 62315 | Depths:1 | Noticed Mara
 62321 | Depths:1 | Noticed Kagalorn's illusion
 62328 | Depths:1 | Killed Mara
 62390 | Depths:1 | Found Wuopneq's Gadget Boutique.
 62420 | Depths:1 | Found a gateway to Hell.
 62582 | Depths:1 | Reached skill level 15 in Fighting
 62582 | Depths:1 | Reached skill level 15 in Short Blades
 62582 | Depths:1 | Reached skill level 15 in Maces & Flails
 62582 | Depths:1 | Reached skill level 15 in Polearms
 62582 | Depths:1 | Reached skill level 15 in Staves
 62582 | Depths:1 | Reached skill level 15 in Slings
 62582 | Depths:1 | Reached skill level 15 in Bows
 62582 | Depths:1 | Reached skill level 15 in Crossbows
 62582 | Depths:1 | Reached skill level 15 in Throwing
 62582 | Depths:1 | Reached skill level 15 in Shields
 62582 | Depths:1 | Reached skill level 15 in Unarmed Combat
 62582 | Depths:1 | Reached skill level 15 in Spellcasting
 62582 | Depths:1 | Reached skill level 15 in Evocations
 62876 | Depths:1 | Found an ancient bone altar of Kikubaaqudgha.
 63888 | Depths:1 | Killed Asterion
 64061 | Depths:1 | Killed Sojobo
 64248 | Depths:2 | Reached XP level 24. HP: 189/189 MP: 42/42
 64307 | Depths:2 | Found Hyatohel's Book Boutique.
 64326 | Depths:2 | Found Xurchiuv's Gadget Emporium.
 64329 | Depths:2 | Bought a book of the Tempests for 770 gold pieces
 64363 | Depths:2 | Learned a level 8 spell: Ignition
 64576 | Depths:2 | Found Megam's Jewellery Shoppe.
 64588 | Depths:2 | Found a corrupted altar of Lugonu.
 64966 | Depths:2 | Found Askinwy's General Store.
 64969 | Depths:2 | Bought a scroll of teleportation for 72 gold pieces
 64969 | Depths:2 | Bought a scroll of teleportation for 72 gold pieces
 64969 | Depths:2 | Bought a scroll of fog for 48 gold pieces
 64969 | Depths:2 | Bought a scroll of remove curse for 72 gold pieces
 66221 | Depths:3 | Identified the ring of Hirani Comuph {Ice rElec rPois Int+6
                  | Dex-2} (You found it on level 3 of the Depths)
 66592 | Depths:3 | HP: 6/189 [crystal guardian/crystal bolt (36)]
 66966 | Depths:3 | Found a one-way gate leading to the halls of Pandemonium.
 66975 | Depths:3 | Got a vibrating steel ring
 66980 | Depths:3 | Identified the ring "Iraipyez" {Fire SInv} (You found it on
                  | level 3 of the Depths)
 67421 | Depths:4 | Paralysed by a floating eye for 2 turns
 67757 | Depths:4 | Identified the +1 scale mail of the Unbroken {rC+}
 67758 | Depths:4 | Identified the cursed +1 scale mail "Qezezarch" {rElec
                  | MP+9}
 67767 | Depths:4 | Identified the amulet of Cuvot {Faith +Blink Int+4 Slay-4}
 67791 | Depths:4 | Reached XP level 25. HP: 137/196 MP: 39/42
 67810 | Depths:4 | Noticed a juggernaut
 68253 | Depths:4 | Killed a juggernaut
 68538 | Depths:4 | Found a gateway to a ziggurat.
 68757 | Depths:5 | Entered Level 5 of the Depths
 69267 | Depths:5 | Found the +8 glaive of the Guard {elec, +Rage AC+5 SInv}
 69290 | Depths:5 | Found a gate to the Realm of Zot.
 69704 | Depths:5 | Noticed Frederick
 69718 | Depths:5 | Killed Frederick
 69772 | Depths:5 | Found Vefri's Serpentskin Sales.
 69879 | Depths:5 | Noticed the Enchantress
 70552 | Depths:5 | Found a gate to the Realm of Zot.
 70570 | Depths:5 | Found Vefri's Serpentskin Sales.
 70604 | Depths:5 | Killed the Enchantress
 71323 | D:8      | Killed NeAGen181's ghost
 71567 | Lair:4   | Killed Lenib Ruel's ghost
 71963 | Elf:2    | Found a runed translucent gate.
 71963 | Elf:2    | Found a runed translucent gate.
 71966 | Elf:2    | Found a runed translucent gate.
 71966 | Elf:2    | Noticed peterlawrence's ghost (adept MiFi)
 71994 | Elf:2    | Gained mutation: You occasionally shout uncontrollably at
                  | your foes. [a cacodemon]
 71997 | Elf:2    | Gained mutation: Scrolls take you a little longer to read.
                  | [a cacodemon]
 72000 | Elf:2    | Gained mutation: Your magical capacity is low. (-10% MP) [a
                  | cacodemon]
 72003 | Elf:2    | Gained mutation: You have a pair of small antennae on your
                  | head. [a cacodemon]
 72004 | Elf:2    | Killed peterlawrence's ghost
 72015 | Elf:2    | Learned a level 1 spell: Apportation
 72032 | Elf:2    | Got a steaming cloak
 72043 | Elf:2    | Identified the +0 cloak of Afuradd {rC++ Str-4 Dex+4} (You
                  | found it on level 2 of the Elven Halls)
 72076 | Elf:2    | Lost mutation: Your spells are a little easier to cast, but
                  | a little less powerful. [potion of mutation]
 72076 | Elf:2    | Lost mutation: Scrolls take you a little longer to read.
                  | [potion of mutation]
 72076 | Elf:2    | Lost mutation: You have a pair of small antennae on your
                  | head. [potion of mutation]
 72076 | Elf:2    | Gained mutation: Your muscles are strong. (Str +2) [potion
                  | of mutation]
 72077 | Elf:2    | Lost mutation: Your magical capacity is low. (-10% MP)
                  | [potion of mutation]
 72077 | Elf:2    | Lost mutation: You occasionally shout uncontrollably at
                  | your foes. [potion of mutation]
 72077 | Elf:2    | Lost mutation: Your muscles are strong. (Str +2) [potion of
                  | mutation]
 72077 | Elf:2    | Gained mutation: You are resistant to hostile enchantments.
                  | (MR+) [potion of mutation]
 72077 | Elf:2    | Gained mutation: Scrolls take you a little longer to read.
                  | [potion of mutation]
 72077 | Elf:2    | Gained mutation: You tend to lose your temper in combat.
                  | [potion of mutation]
 72077 | Elf:2    | Gained mutation: You have extremely sharp teeth. [potion of
                  | mutation]
 72078 | Elf:2    | Lost mutation: You tend to lose your temper in combat.
                  | [potion of mutation]
 72078 | Elf:2    | Lost mutation: You are resistant to hostile enchantments.
                  | (MR+) [potion of mutation]
 72078 | Elf:2    | Lost mutation: Scrolls take you a little longer to read.
                  | [potion of mutation]
 72078 | Elf:2    | Gained mutation: Your movements are slightly less
                  | encumbered by armour. (ER -2) [potion of mutation]
 72078 | Elf:2    | Gained mutation: You evolve. [potion of mutation]
 72419 | Vaults:2 | Killed Mennas
 72419 | Vaults:2 | Reached XP level 26. HP: 198/206 MP: 37/43
 72531 | Vaults:2 | Noticed Serus's ghost (adept GrFi)
 72531 | Vaults:2 | Noticed Teapueps's ghost (adept SpFE)
 72551 | Vaults:2 | Killed Teapueps's ghost
 72566 | Vaults:2 | Killed Serus's ghost
 72583 | Vaults:2 | Gained mutation: You are partially covered in iridescent
                  | scales. (AC +2) [evolution]
 72742 | Vaults:3 | Found a runed translucent gate.
 72742 | Vaults:3 | Found a runed translucent gate.
 72745 | Vaults:3 | Found a runed translucent gate.
 72750 | Vaults:3 | Noticed rgbqcd's ghost (veteran MiBe)
 72788 | Vaults:3 | Killed rgbqcd's ghost
 72807 | Vaults:3 | Identified the +1 cloak of Disaster {rF+} (You found it on
                  | level 3 of the Vaults)
 73045 | Vaults:4 | Killed Tartanist's ghost
 73197 | Vaults:5 | Entered Level 5 of the Vaults
 73434 | Vaults:5 | Identified the +3 battleaxe of Makhleb's Envy {chop, rPois
                  | Str+8 Dex-2 Stlth-}
 73836 | Vaults:5 | Got a silver rune of Zot
 73956 | Vaults:5 | Identified the ring of Light {MR+ Dex+5 Stlth+}
 73988 | Vaults:5 | Reached XP level 27. HP: 196/213 MP: 42/43
 74417 | Vaults:5 | Identified the +0 pair of boots "Houhang" {rCorr Slay+5}
                  | (You acquired it on level 5 of the Vaults)
 75170 | Vaults:5 | Identified Sif Muna's Disquisition on Shifting Flight
 75186 | Vaults:5 | Identified the cursed +0 helmet of Teckeygru {rN+ Regen+
                  | Dex+4} (You found it on level 5 of the Vaults)
 75837 | Depths:2 | Bought a +2 amulet of reflection for 150 gold pieces
 75939 | Zot:1    | Entered Level 1 of the Realm of Zot
 76347 | Zot:1    | Reached skill level 15 in Conjurations
 76347 | Zot:1    | Reached skill level 15 in Hexes
 76347 | Zot:1    | Reached skill level 15 in Charms
 76347 | Zot:1    | Reached skill level 15 in Summonings
 76347 | Zot:1    | Reached skill level 15 in Necromancy
 76347 | Zot:1    | Reached skill level 15 in Translocations
 76347 | Zot:1    | Reached skill level 15 in Transmutations
 76347 | Zot:1    | Reached skill level 15 in Fire Magic
 76347 | Zot:1    | Reached skill level 15 in Ice Magic
 76347 | Zot:1    | Reached skill level 15 in Air Magic
 76347 | Zot:1    | Reached skill level 15 in Earth Magic
 76347 | Zot:1    | Reached skill level 15 in Poison Magic
 76387 | Zot:1    | Gained mutation: You are clumsy. (Dex -2) [mutagenic glow]
 77384 | Zot:2    | Identified the ring "Lasmy" {+Inv AC+1} (You acquired it on
                  | level 2 of the Realm of Zot)
 77637 | Zot:2    | Identified the +2 pair of gloves of Uhael Uttox {+Blink}
                  | (You found it on level 2 of the Realm of Zot)
 77684 | Zot:2    | Identified the ring "Bejan" {Dex+2 Stlth+} (You acquired it
                  | on level 2 of the Realm of Zot)
 77845 | Zot:3    | You fall into a shaft and drop 1 floor!
 79703 | Zot:5    | Entered Level 5 of the Realm of Zot
 80737 | Zot:5    | Noticed an orb of fire
 80753 | Zot:5    | Gained mutation: You are dopey. (Int -2) [an orb of fire]
 80760 | Zot:5    | Killed an orb of fire
 80822 | Zot:5    | Noticed an ancient lich
 80824 | Zot:5    | Noticed an ancient lich
 80842 | Zot:4    | Killed an ancient lich
 80858 | Zot:5    | Killed an ancient lich
 80862 | Zot:5    | Noticed an ancient lich
 80862 | Zot:5    | Noticed an ancient lich
 80895 | Zot:5    | Killed an ancient lich
 80923 | Zot:5    | Noticed an orb of fire
 80929 | Zot:4    | Gained mutation: You are weak. (Str -2) [an orb of fire]
 80939 | Zot:4    | Gained mutation: You tend to lose your temper in combat.
                  | [an orb of fire]
 80945 | Zot:4    | Killed an orb of fire
 81115 | Zot:5    | Noticed an ancient lich
 81128 | Zot:5    | Noticed an ancient lich
 81138 | Zot:4    | Killed an ancient lich
 81166 | Zot:5    | Killed an ancient lich
 81173 | Zot:5    | Noticed an ancient lich
 81175 | Zot:5    | Noticed an ancient lich
 81182 | Zot:5    | Killed an ancient lich
 81186 | Zot:5    | Killed an ancient lich
 81436 | Zot:5    | Noticed an ancient lich
 81462 | Zot:5    | Killed an ancient lich
 81791 | Zot:5    | Killed an ancient lich
 82505 | Zot:5    | Lost mutation: You are clumsy. (Dex -2) [potion of
                  | mutation]
 82505 | Zot:5    | Lost mutation: You are weak. (Str -2) [potion of mutation]
 82505 | Zot:5    | Gained mutation: Your muscles are strong. (Str +2) [potion
                  | of mutation]
 82505 | Zot:5    | Gained mutation: Your skin changes colour to match your
                  | surroundings (Stealth+). [potion of mutation]
 82506 | Zot:5    | Lost mutation: Your movements are slightly less encumbered
                  | by armour. (ER -2) [potion of mutation]
 82506 | Zot:5    | Lost mutation: You tend to lose your temper in combat.
                  | [potion of mutation]
 82506 | Zot:5    | Lost mutation: You are dopey. (Int -2) [potion of mutation]
 82506 | Zot:5    | Lost mutation: Your muscles are strong. (Str +2) [potion of
                  | mutation]
 82506 | Zot:5    | Gained mutation: Your flesh is cold resistant. (rC+)
                  | [potion of mutation]
 82507 | Zot:5    | Lost mutation: You have extremely sharp teeth. [potion of
                  | mutation]
 82507 | Zot:5    | Lost mutation: You evolve. [potion of mutation]
 82507 | Zot:5    | Gained mutation: You are partially covered in rugged brown
                  | scales. (AC +1, +3% HP) [potion of mutation]
 82507 | Zot:5    | Gained mutation: You possess an exceptional clarity of
                  | mind. [potion of mutation]
 82508 | Zot:5    | Lost mutation: You possess an exceptional clarity of mind.
                  | [potion of mutation]
 82508 | Zot:5    | Lost mutation: Your skin changes colour to match your
                  | surroundings (Stealth+). [potion of mutation]
 82508 | Zot:5    | Gained mutation: You expend magic power (3 MP) to
                  | strengthen your wands. [potion of mutation]
 82509 | Zot:5    | Lost mutation: Your flesh is cold resistant. (rC+) [potion
                  | of mutation]
 82509 | Zot:5    | Lost mutation: You are partially covered in iridescent
                  | scales. (AC +2) [potion of mutation]
 82509 | Zot:5    | Lost mutation: You expend magic power (3 MP) to strengthen
                  | your wands. [potion of mutation]
 82509 | Zot:5    | Lost mutation: You are partially covered in rugged brown
                  | scales. (AC +1, +3% HP) [potion of mutation]
 82509 | Zot:5    | Gained mutation: Armour fits poorly on your strangely
                  | shaped body. [potion of mutation]
 82509 | Zot:5    | Gained mutation: Your flesh is cold resistant. (rC+)
                  | [potion of mutation]
 82509 | Zot:5    | Gained mutation: You have a pair of small antennae on your
                  | head. [potion of mutation]
 82551 | Zot:5    | Lost mutation: Armour fits poorly on your strangely shaped
                  | body. [potion of mutation]
 82551 | Zot:5    | Lost mutation: Your flesh is cold resistant. (rC+) [potion
                  | of mutation]
 82551 | Zot:5    | Gained mutation: You expend magic power (3 MP) to
                  | strengthen your wands. [potion of mutation]
 82551 | Zot:5    | Gained mutation: You have a somewhat thin skeletal
                  | structure. (Dex +2, Stealth) [potion of mutation]
 82551 | Zot:5    | Gained mutation: Your muscles are strong. (Str +2) [potion
                  | of mutation]
 82552 | Zot:5    | Lost mutation: Your muscles are strong. (Str +2) [potion of
                  | mutation]
 82552 | Zot:5    | Lost mutation: You expend magic power (3 MP) to strengthen
                  | your wands. [potion of mutation]
 82552 | Zot:5    | Gained mutation: You evolve. [potion of mutation]
 82553 | Zot:5    | Lost mutation: You evolve. [potion of mutation]
 82553 | Zot:5    | Lost mutation: You have a somewhat thin skeletal structure.
                  | (Dex +2, Stealth) [potion of mutation]
 82553 | Zot:5    | Lost mutation: You have a pair of small antennae on your
                  | head. [potion of mutation]
 82553 | Zot:5    | Gained mutation: You are dopey. (Int -2) [potion of
                  | mutation]
 82553 | Zot:5    | Gained mutation: You are somewhat resistant to further
                  | mutation. [potion of mutation]
 82554 | Zot:5    | Lost mutation: You are dopey. (Int -2) [potion of mutation]
 82554 | Zot:5    | Lost mutation: You are somewhat resistant to further
                  | mutation. [potion of mutation]
 82554 | Zot:5    | Gained mutation: Your magical capacity is low. (-10% MP)
                  | [potion of mutation]
 82554 | Zot:5    | Gained mutation: You are partially covered in slimy green
                  | scales. (AC +2) [potion of mutation]
 82555 | Zot:5    | Lost mutation: Your magical capacity is low. (-10% MP)
                  | [potion of mutation]
 82555 | Zot:5    | Lost mutation: You are partially covered in slimy green
                  | scales. (AC +2) [potion of mutation]
 82555 | Zot:5    | Gained mutation: Potions are less effective at restoring
                  | your health. [potion of mutation]
 82555 | Zot:5    | Gained mutation: You are covered in fur. (AC +1) [potion of
                  | mutation]
 82555 | Zot:5    | Gained mutation: You have a pair of small antennae on your
                  | head. [potion of mutation]
 82556 | Zot:5    | Lost mutation: Potions are less effective at restoring your
                  | health. [potion of mutation]
 82556 | Zot:5    | Gained mutation: You are partially covered in icy blue
                  | scales. (AC +2) [potion of mutation]
 82556 | Zot:5    | Gained mutation: You are agile. (Dex +2) [potion of
                  | mutation]
 82556 | Zot:5    | Gained mutation: You have large cloven feet. [potion of
                  | mutation]
 82556 | Zot:5    | Gained mutation: Your flesh is cold resistant. (rC+)
                  | [potion of mutation]
 82557 | Zot:5    | Lost mutation: You are agile. (Dex +2) [potion of mutation]
 82557 | Zot:5    | Lost mutation: You are covered in fur. (AC +1) [potion of
                  | mutation]
 82557 | Zot:5    | Lost mutation: You are partially covered in icy blue
                  | scales. (AC +2) [potion of mutation]
 82557 | Zot:5    | Lost mutation: You have large cloven feet. [potion of
                  | mutation]
 82557 | Zot:5    | Gained mutation: You are weak. (Str -2) [potion of
                  | mutation]
 82557 | Zot:5    | Gained mutation: You have sharp toenails. [potion of
                  | mutation]
 82557 | Zot:5    | Gained mutation: You are partially covered in molten
                  | scales. (AC +2) [potion of mutation]
 82558 | Zot:5    | Lost mutation: You have a pair of small antennae on your
                  | head. [potion of mutation]
 82558 | Zot:5    | Lost mutation: You have sharp toenails. [potion of
                  | mutation]
 82558 | Zot:5    | Lost mutation: Your flesh is cold resistant. (rC+) [potion
                  | of mutation]
 82558 | Zot:5    | Lost mutation: You are weak. (Str -2) [potion of mutation]
 82558 | Zot:5    | Gained mutation: Your system is resistant to poisons.
                  | (rPois) [potion of mutation]
 82558 | Zot:5    | Gained mutation: You have a pair of small antennae on your
                  | head. [potion of mutation]
 82558 | Zot:5    | Gained mutation: Your mind is acute. (Int +2) [potion of
                  | mutation]
 82559 | Zot:5    | Lost mutation: You are partially covered in molten scales.
                  | (AC +2) [potion of mutation]
 82559 | Zot:5    | Lost mutation: Your mind is acute. (Int +2) [potion of
                  | mutation]
 82559 | Zot:5    | Lost mutation: Your system is resistant to poisons. (rPois)
                  | [potion of mutation]
 82559 | Zot:5    | Lost mutation: You have a pair of small antennae on your
                  | head. [potion of mutation]
 82559 | Zot:5    | Gained mutation: You occasionally shout uncontrollably at
                  | your foes. [potion of mutation]
 82559 | Zot:5    | Gained mutation: You have a pair of small horns on your
                  | head. [potion of mutation]
 82560 | Zot:5    | Lost mutation: You have a pair of small horns on your head.
                  | [potion of mutation]
 82560 | Zot:5    | Gained mutation: You have a pair of small antennae on your
                  | head. [potion of mutation]
 82560 | Zot:5    | Gained mutation: You have a pair of antennae on your head.
                  | [potion of mutation]
 82560 | Zot:5    | Gained mutation: You possess an exceptional clarity of
                  | mind. [potion of mutation]
 82561 | Zot:5    | Lost mutation: You possess an exceptional clarity of mind.
                  | [potion of mutation]
 82561 | Zot:5    | Lost mutation: You have a pair of antennae on your head.
                  | [potion of mutation]
 82561 | Zot:5    | Gained mutation: Armour fits poorly on your strangely
                  | shaped body. [potion of mutation]
 82561 | Zot:5    | Gained mutation: Your natural rate of healing is unusually
                  | fast. [potion of mutation]
 82561 | Zot:5    | Gained mutation: You are robust. (+10% HP) [potion of
                  | mutation]
 82562 | Zot:5    | Lost mutation: You occasionally shout uncontrollably at
                  | your foes. [potion of mutation]
 82562 | Zot:5    | Lost mutation: You have a pair of small antennae on your
                  | head. [potion of mutation]
 82562 | Zot:5    | Lost mutation: Armour fits poorly on your strangely shaped
                  | body. [potion of mutation]
 82562 | Zot:5    | Gained mutation: Your mind is acute. (Int +2) [potion of
                  | mutation]
 82562 | Zot:5    | Gained mutation: Scrolls take you a little longer to read.
                  | [potion of mutation]
 82562 | Zot:5    | Gained mutation: You have sharp fingernails. [potion of
                  | mutation]
 82573 | Zot:5    | Got the Orb of Zot
 82577 | Zot:5    | Noticed Rit Ubal the pandemonium lord
 82651 | Zot:4    | Noticed Aghyng the pandemonium lord
 82762 | Zot:4    | Noticed Zely the pandemonium lord
 83388 | D:8      | Noticed Zeerch the pandemonium lord
 83403 | D:8      | Killed Zeerch the pandemonium lord
 83747 | D:$      | Escaped with the Orb!

Levels and vault maps discovered:
D:1:      minmay_arrival_four_houses, layout_basic
D:2:      layout_loops_cross, dancing_weapons_uskayaw,
          chequers_ecumenical_altar_simple
D:3:      layout_basic, overflow_temple_1_default, overflow_temple_1_default,
          first_ration, lemuel_statue_altar
D:4:      layout_layer_cave, serial_shops, kennysheep_mini_moat,
          nicolae_shop_behind_doors, shop, shop, shop
D:5:      layout_loops_corners, gammafunk_temple_overflow_elements,
          old_standard_altar, marbit_many_paths, portal_sewer_entry_e
D:6:      layout_gridville
D:7:      layout_rooms, minmay_temple_entry_sparse_star, uniq_pikel
D:8:      layout_loops_corners, ebering_ghost_reflecting_pool, serial_shops,
          shop
D:9:      layout_big_octagon, kennysheep_little_box, serial_gnoll_camp,
          gnoll_camp_mini_hut, uniq_joseph
D:10:     layout_small_grid, david_lair_generic,
          nicolae_trove_entry_free_sample, david_nohive_1, st_stairs_11,
          chequers_serial_rivers_large_b, chequers_garden
D:11:     minmay_bloctagon_deflated, layout_basic, orc_0_dummy, minivault_16,
          uniq_nergalle, uniq_snorg
D:12:     layout_basic, basic_altar, enter_bailey_3, minivault_11,
          minmay_rotating_lava
D:13:     layout_irregular_city, erik_vaults_2, basic_altar,
          chequers_serial_rivers_room_b
D:14:     cheibrodos_quadrivalence, layout_loops_ring, serial_shops,
          nicolae_shop_window_shopping, uniq_roxanne, uniq_jorgrun
D:15:     grunt_enter_depths_magical_seal, layout_irregular_city,
          fedhas_altar_4, basic_altar
Temple:   eino_narrow_crystal_temple
Lair:1:   layout_regular_city, serial_bayou_crossing
Lair:2:   layout_cave_pods, uniq_sonja
Lair:3:   layout_cave_pods, gauntlet_entry_generic, serial_bayou_lagoon_a
Lair:4:   layout_roguey [special_room_mythical_zoo], swamp_mist,
          spider_nest_entry_webs, hellmonk_ghost_happy_afterlife,
          infiniplex_staircase_pool, uniq_urug
Lair:5:   layout_misc_corridors
Lair:6:   minmay_lair_end_frog_pond, layout_cave_shapes,
          minmay_slime_entry_jelly_boxes, infiniplex_staircase_pool_2
Swamp:1:  layout_basic_swamp, evilmike_swamp_ruin_house_6
Swamp:2:  layout_basic_swamp, hangedman_swamp_blocks, swamp_pool5
Swamp:3:  layout_basic_swamp, nicolae_swamp_dense_foliage, swamp_pool1,
          uniq_bai_suzhen
Swamp:4:  swamp_vile, layout_basic_swamp
Spider:1: layout_chambers, uniq_kirke
Spider:2: layout_spider_delve, hangedman_stitches_earthworm
Spider:3: lemuel_spider_zombies, portal_ice_cave_entry_ice_statue_two
Spider:4: spider_rune_water, nicolae_spider_ant_collections, uniq_donald
Orc:1:    layout_caves, uniq_erica
Orc:2:    grunt_orc_cross, layout_caves, serial_shops, shop,
          nicolae_orc_lost_temple
Elf:1:    elf_arrival_002, layout_geoelf_diagonals, basic_altar, special_room
          [special_room_orc], serial_shops, shop, minmay_elf_crystal_hexagon,
          grunt_ministairs_10, evilmike_ambush [evilmike_ambush_outer_basic,
          evilmike_ambush_inner_basic]
Elf:2:    layout_geoelf_octagon, portal_desolation_entry_garden,
          ploomutoo_gammafunk_ghost_potion_laboratory
Elf:3:    grunt_elf_hall_diamonds, layout_geoelf_castle, serial_shops, shop
Vaults:1: nicolae_vaults_network_star, vaults_mumra_hex, v_alt_pattern_4,
          st_more_cells, hangedman_vaults_maws, vaults_room_door_ring,
          v_alt_pattern_4, nicolae_vaults_alarming, vaults_dpeg_ring,
          v_alt_pattern_5, vaults_mumra_minichess, vaults_dpeg_hooks,
          ontoclasm_vaults_pinch, layout_vaults_omnibox
Vaults:2: gammafunk_vaults_ghost_cemetery, v_rooms_1, hangedman_vaults_trim,
          vaults_mumra_bighexcomb, nicolae_vaults_shelves_hall,
          hangedman_vaults_nails, v_misc_15, vaults_room_corners,
          vaults_room_grunt_arrival_checkpoint, nicolae_vaults_little_squares_5,
          nicolae_vaults_little_squares_4, layout_vaults_omnigrid, uniq_mennas
Vaults:3: ploomutoo_gammafunk_vaults_ghost_potion_laboratory, v_misc_30,
          v_rooms_3, ontoclasm_vaults_ligature, v_alt_pattern_4,
          nicolae_vaults_specimen_jars, nicolae_vaults_little_ls,
          vaults_room_hallway, nicolae_vaults_little_squares_3,
          layout_vaults_big_room, serial_shops, shop
Vaults:4: ebering_vaults_ghost_inner_flame, st_cross, v_misc_23, v_rooms_4,
          v_misc_1, hangedman_vaults_hat, grunt_vaults_hallway_short,
          hangedman_vaults_impose, nicolae_vaults_network_barrier,
          vaults_dpeg_cross, hangedman_vaults_impose, vaults_room_pools,
          layout_vaults_maze
Vaults:5
Depths:1: layout_small_grid, grunt_mini_vestibule, old_standard_altar,
          serial_shops, shop, hangedman_abyss_entry_splay, sword_in_stone,
          uniq_mara
Depths:2: minmay_angry_zag, layout_cave_pools, kennysheep_small_spiral,
          serial_shops, shop, nicolae_shop_behind_doors,
          nicolae_shop_behind_doors, nicolae_shop_waterfront, hell_entry,
          abyss_entry_flame_altar, hex_medium, minmay_misc_feat_four_crosses,
          infiniplex_staircase_door_maze
Depths:3: radiant_caverns_a_rkd, hell_entry, pan_entry
Depths:4: grunt_crosshair, layout_cave_shapes, enter_ziggurat_e,
          pf_hell_entry_great_geh, kennysheep_donut, abyss_entry,
          minmay_staircase_bubble, serial_bayou_shore_b
Depths:5: evilmike_zot_entry_basic, layout_long_grid, rand_demon_pan_entry_3,
          hell_entry, minmay_misc_feat_rows, guppyfry_shop_venom,
          uniq_frederick, uniq_enchantress
Zot:1:    layout_misc_corridors, st_stairs_6
Zot:2:    layout_basic, hangedman_zot_decor_scrapings
Zot:3:    layout_cathedral_of_symmetry
Zot:4:    kennysheep_room_grid, layout_onion_interference
Zot:5:    layout_misc_corridors, drop_trap, st_stairs_1, grunt_ministairs_5

Skill      XL: |  1  2  3  4  5  6  7  8  9 10 11 12 13 14 15 16 17 18 19 20 21 22 23 24 25 26 27 |
---------------+----------------------------------------------------------------------------------+-----
Fighting       | 1 2 3 4 5 6 8 9 10 11 12 13 14 15 16 18 | 18.8
Short Blades   | 1 2 3 4 5 6 8 9 10 11 12 13 14 15 16 18 | 18.8
Maces & Flails | 1 2 3 4 5 6 8 9 10 11 12 13 14 15 16 18 | 18.8
Polearms       | 1 2 3 4 5 6 8 9 10 11 12 13 14 15 16 18 | 18.8
Staves         | 1 2 3 4 5 6 8 9 10 11 12 13 14 15 16 18 | 18.8
Slings         | 1 2 3 4 5 6 8 9 10 11 12 13 14 15 16 18 | 18.8
Bows           | 1 2 3 4 5 6 8 9 10 11 12 13 14 15 16 18 | 18.8
Crossbows      | 1 2 3 4 5 6 8 9 10 11 12 13 14 15 16 18 | 18.8
Throwing       | 1 2 3 4 5 6 8 9 10 11 12 13 14 15 16 18 | 18.8
Shields        | 1 2 3 4 5 6 8 9 10 11 12 13 14 15 16 18 | 18.8
Unarmed Combat | 1 2 3 4 5 6 8 9 10 11 12 13 14 15 16 18 | 18.8
Spellcasting   | 1 2 3 4 5 6 8 9 10 11 12 13 14 15 16 18 | 18.8
Invocations    | 1 2 3 4 5 6 7 8 9 10 11 12 13 14 15 16 17 18 20 | 20.2
Evocations     | 1 2 3 4 5 6 8 9 10 11 12 13 14 15 16 18 | 18.8
Conjurations   | 1 2 3 4 5 6 7 8 9 10 11 12 13 14 16 | 16.2
Hexes          | 1 2 3 4 5 6 7 8 9 10 11 12 13 14 16 | 16.2
Charms         | 1 2 3 4 5 6 7 8 9 10 11 12 13 14 16 | 16.2
Summonings     | 1 2 3 4 5 6 7 8 9 10 11 12 13 14 16 | 16.2
Necromancy     | 1 2 3 4 5 6 7 8 9 10 11 12 13 14 16 | 16.2
Translocations | 1 2 3 4 5 6 7 8 9 10 11 12 13 14 16 | 16.2
Transmutations | 1 2 3 4 5 6 7 8 9 10 11 12 13 14 16 | 16.2
Fire Magic     | 1 2 3 4 5 6 7 8 9 10 11 12 13 14 16 | 16.2
Ice Magic      | 1 2 3 4 5 6 7 8 9 10 11 12 13 14 16 | 16.2
Air Magic      | 1 2 3 4 5 6 7 8 9 10 11 12 13 14 16 | 16.2
Earth Magic    | 1 2 3 4 5 6 7 8 9 10 11 12 13 14 16 | 16.2
Poison Magic   | 1 2 3 4 5 6 7 8 9 10 11 12 13 14 16 | 16.2
Long Blades    | 3 4 5 6 7 8 9 10 11 12 13 14 15 16 17 19 | 19.0
Axes           | 3 4 5 6 7 8 9 10 11 12 13 14 15 16 17 19 | 19.0
Dodging        | 5 6 7 8 9 10 11 12 13 14 15 16 17 19 | 19.2
Armour         | 9 10 11 12 13 14 15 16 17 18 20 | 20.0
Stealth        | 5 6 7 8 9 10 11 12 13 14 15 16 17 19 | 19.1

Action                   |  1- 3 |  4- 6 |  7- 9 | 10-12 | 13-15 | 16-18 | 19-21 | 22-24 | 25-27 || total
-------------------------+-------+-------+-------+-------+-------+-------+-------+-------+-------++-------
Melee: Spear             |   121 |   145 |       |       |       |       |       |       |       ||   266
       Bite              |    11 |    33 |    47 |   103 |   259 |   340 |   358 |   335 |   481 ||  1967
       Trident           |       |    45 |       |       |       |       |       |       |       ||    45
       Punch             |       |     3 |     8 |    20 |    39 |       |       |       |       ||    70
       War axe           |       |    61 |   234 |       |       |       |       |       |       ||   295
       Scimitar          |       |       |   163 |   616 |   942 |    60 |       |       |       ||  1781
       Broad axe         |       |       |       |       |   139 |  1589 |  1733 |  1687 |  2215 ||  7363
       Trishula          |       |       |       |       |       |       |       |       |    24 ||    24
       Unarmed           |       |       |       |       |       |       |       |       |     5 ||     5
Throw: Stone             |       |     8 |       |       |       |       |       |       |       ||     8
       Boomerang         |       |       |       |    24 |     3 |       |       |       |       ||    27
       Javelin           |       |       |       |       |       |     1 |       |       |       ||     1
 Cast: Spectral Weapon   |       |       |       |       |     2 |     1 |     1 |       |     2 ||     6
       Summon Lightning  |       |       |       |       |     1 |     1 |     7 |     2 |     5 ||    16
       Blink             |       |       |       |       |       |       |     2 |    11 |     5 ||    18
       Petrify           |       |       |       |       |       |       |     1 |       |       ||     1
       Statue Form       |       |       |       |       |       |       |     6 |    18 |    23 ||    47
       Silence           |       |       |       |       |       |       |       |     6 |     8 ||    14
       Apportation       |       |       |       |       |       |       |       |       |    14 ||    14
       Deflect Missiles  |       |       |       |       |       |       |       |       |     1 ||     1
Invok: Heal Other        |       |       |     2 |     9 |    17 |     4 |       |       |       ||    32
       Lesser Healing    |       |       |     1 |     1 |     1 |       |       |       |       ||     3
       Greater Healing   |       |       |       |     2 |     1 |     2 |     2 |     5 |     3 ||    15
       Divine Vigour     |       |       |       |     1 |     2 |     3 |       |       |     1 ||     7
       Purification      |       |       |       |     1 |       |       |     2 |       |       ||     3
 Abil: Evoke Berserk Rag |       |       |       |     2 |     3 |     1 |     5 |       |       ||    11
       Evoke Invisibilit |       |       |       |       |       |       |       |       |     8 ||     8
Evoke: Wand              |       |       |       |     1 |     3 |     2 |     5 |     2 |     2 ||    15
       Phantom mirror    |       |       |       |       |       |       |     1 |       |       ||     1
  Use: Potion            |       |     3 |     1 |     4 |     1 |     1 |     3 |     1 |    28 ||    42
       Scroll            |       |       |    10 |    15 |    13 |    14 |    15 |    11 |    29 ||   107
 Stab: Sleeping          |     3 |     2 |     4 |       |     5 |    17 |    19 |    19 |    10 ||    79
       Distracted        |       |       |     2 |       |     4 |     2 |     6 |    11 |     7 ||    32
       Confused          |       |       |       |       |       |     1 |       |       |       ||     1
       Held in net/web   |       |       |       |       |       |       |     3 |       |       ||     3
       Petrified         |       |       |       |       |       |       |     2 |       |       ||     2
       Invisible         |       |       |       |       |       |       |       |       |    75 ||    75
  Eat: Chunk             |     1 |     4 |    10 |    11 |    23 |    18 |     6 |       |     5 ||    78
       Ration            |       |     1 |     2 |     8 |     7 |    11 |    16 |    14 |    19 ||    78
Armor: Scale mail        |    41 |   117 |   210 |    60 |       |       |       |       |       ||   428
       Skin              |       |    39 |       |   119 |       |       |    33 |   171 |   197 ||   559
       Chain mail        |       |       |       |   264 |   478 |   668 |   698 |   407 |   124 ||  2639
       Gold dragon scale |       |       |       |       |       |       |       |       |   569 ||   569
Dodge: Dodged            |    54 |   177 |   348 |   545 |   850 |  1209 |  1145 |  1170 |  1200 ||  6698
       Deflected         |     3 |     3 |     3 |    45 |     2 |       |       |       |     1 ||    57
Block: Buckler           |       |       |       |       |   238 |       |       |       |       ||   238
       Shield            |       |       |       |       |   122 |  1469 |  1231 |  1229 |   407 ||  4458
       Reflection        |       |       |       |       |    14 |    31 |    39 |    55 |    28 ||   167
       Large shield      |       |       |       |       |       |       |       |       |  2060 ||  2060
       Rpst.: Scimitar   |       |       |    43 |   145 |   203 |     5 |       |       |       ||   396
